 Dungeon Crawl Stone Soup version 0.30.1-11-g7821555f0a (webtiles) character file.

Game seed: 1512038553603542778

49 Eitelfritz the Poker (level 3, 0/28 HPs)
             Began as a Merfolk Gladiator on Jan 5, 2024.
             Slain by Robin
             ... wielding a +1 spear of venom
              (3 damage)
             ... on level 2 of the Dungeon.
             The game lasted 00:03:22 (1366 turns).

Eitelfritz the Poker (Merfolk Gladiator)            Turns: 1366, Time: 00:03:22

Health: 0/28       AC:  4    Str: 14    XL:     3   Next: 77%
Magic:  3/3        EV: 13    Int:  9    God:
Gold:   17         SH:  0    Dex: 15    Spells: 2/2 levels left

rFire   . . .        a - +0 trident
rCold   . . .        (no shield)
rNeg    . . .        b - +0 leather armour
rPois   .            c - +0 helmet
rElec   .            (no cloak)
rCorr   .            (no gloves)
SInv    .            (no boots)
Will    .....        (no amulet)
Stlth   +            (no ring)
HPRegen 0.24/turn    (no ring)
MPRegen 0.08/turn

%: no passive effects
@: lethally poisoned (0 -> -12)
A: (nimble swimmer 2), mertail
a: no special abilities


You were on level 2 of the Dungeon.
You visited 1 branch of the dungeon, and saw 2 of its levels.

You collected 147 gold pieces.
You spent 130 gold pieces at shops.

Inventory:

Hand Weapons
 a - a +0 trident (weapon)
Missiles
 d - 3 throwing nets (quivered)
 e - a javelin
 g - 10 poisoned darts
 h - 3 silver javelins
Armour
 b - a +0 leather armour (worn)
 c - a +0 helmet (worn)
Scrolls
 f - 3 scrolls of identify
 j - 2 scrolls of teleportation
 m - a scroll of fog {unknown}
 o - a scroll of fear
Potions
 k - a potion of brilliance {unknown}
 l - a potion of lignification {unknown}
 n - a potion of heal wounds {unknown}


   Skills:
 + Level 2.3 Fighting
 + Level 5.1 Polearms
 + Level 2.1 Throwing
 + Level 0.4 Armour
 + Level 4.7 Dodging


You had 2 spell levels left.
You didn't know any spells.
Your spell library contained the following spells:

 Spells                   Type           Power      Damage    Failure   Level
 Ensorcelled Hibernation  Hex/Ice        0%         N/A       61%         2
 Passwall                 Tmut/Erth      0%         N/A       61%         2
 Swiftness                Air            0%         N/A       83%         3


Dungeon Overview and Level Annotations

Branches:
Dungeon (2/15)

Altars:

Shops:
D:1 ?

Annotations:
D:2 Robin, Sigmund


Innate Abilities, Weirdness & Mutations

((You are very nimble when in or above water. (Stealth+, EV+, Speed+++)))
Your lower body shifts to a powerful aquatic tail in water.


Message History

You feel sick. Robin barely misses you.
You closely miss Robin.
Robin is moderately wounded.
You feel sick.
Robin hits you with a +1 spear of venom.
You hit Robin.
Robin is heavily wounded.
You feel sick. Robin misses you.
You hit Robin.
Robin is severely wounded.
You feel sick.
You are no longer poisoned.
Robin barely misses you.
You hit Robin but do no damage.
Robin is heavily wounded.
Robin hits you but does no damage.
You are poisoned.
You closely miss Robin.
Robin is heavily wounded.
* * * LOW HITPOINT WARNING * * *
You feel sick. Robin hits you but does no damage.
You are lethally poisoned!
It was a potion of curing.
You feel better.
Robin hits you with a +1 spear of venom.
You are poisoned.
You hit Robin.
Robin is severely wounded.
You feel sick. Robin hits you but does no damage.
You hit Robin but do no damage.
Robin is heavily wounded.
You feel sick.
Robin hits you with a +1 spear of venom!
* * * LOW HITPOINT WARNING * * *
You are lethally poisoned!
You barely miss Robin.
Robin is heavily wounded.
* * * LOW HITPOINT WARNING * * *
You feel very sick.
Robin hits you with a +1 spear of venom.
You die...

# #. .....######
.....)....#
....####.########.#
.. #....#.@g......##
... #.#.###)..†.....#
..# #.##.#>########.#
..## #####.###.######
...###....<.))).....#
...#.....#.########.#
...#.....#.#
.........#.#
...#.....#.#


You could see Robin.

Vanquished Creatures
  A worm (D:1)
  A dart slug (D:1)
  3 bats
  3 endoplasms (D:1)
  A giant cockroach (D:1)
  10 goblins
  4 hobgoblins
  A jackal (D:2)
  4 kobolds (D:1)
  A quokka (D:1)
  4 ball pythons
  A frilled lizard (D:1)
  6 rats
40 creatures vanquished.

Notes
Turn   | Place    | Note
-------+----------+-------------------------------------------
     0 | D:1      | Eitelfritz the Merfolk Gladiator began the quest for the
                  | Orb.
     0 | D:1      | Reached XP level 1. HP: 16/16 MP: 1/1
    76 | D:1      | Reached XP level 2. HP: 15/22 MP: 2/2
   602 | D:1      | Found Kuemid's Magic Scroll Emporium.
   610 | D:1      | Bought a scroll of identify for 26 gold pieces
   610 | D:1      | Bought a scroll of noise for 13 gold pieces
   610 | D:1      | Bought a scroll of fear for 52 gold pieces
   610 | D:1      | Bought a scroll of teleportation for 39 gold pieces
   629 | D:1      | Reached XP level 3. HP: 27/27 MP: 3/3
  1001 | D:2      | Noticed Robin
  1031 | D:2      | Noticed Sigmund
  1280 | D:2      | Reached skill level 5 in Polearms
  1366 | D:2      | Slain by Robin

Illustrated notes

Levels and vault maps discovered:
D:1:      shiori_arrival_oz, layout_basic, serial_shops, shop
D:2:      layout_loops_ring, basic_altar, uniq_sigmund, uniq_robin, uniq_terence

Skill      XL: |  1  2  3 |
---------------+----------+-----
Polearms       | 5 |  5.1
Fighting       | |  2.3
Throwing       | |  2.1
Armour         | |  0.4
Dodging        | |  4.7

Action                     || total
---------------------------++-------
  Melee: Trident           ||   126
         Punch             ||     3
    Use: Scroll            ||     1
         Potion            ||     1
 Armour: Leather armour    ||    32
  Dodge: Dodged            ||    98
